 Dungeon Crawl Stone Soup version 0.28.0-53-g5a82cb258f (webtiles) character file.

Game seed: 1866498566143205641

473 Peloso the Covered (level 6, 0/56 HPs)
             Began as a Minotaur Fighter on July 2, 2022.
             Slain by Pikel
             ... wielding a +0 whip of freezing
              (2 damage)
             ... on level 5 of the Dungeon.
             The game lasted 00:06:28 (3385 turns).

Peloso the Covered (Minotaur Fighter)               Turns: 3385, Time: 00:06:29

Health: 0/56       AC:  8    Str: 21    XL:     6   Next: 84%
Magic:  5/5        EV:  6    Int:  5    God:
Gold:   94         SH: 13    Dex: 11    Spells: 5/5 levels left

rFire   . . .      SeeInvis .   a - +0 long sword
rCold   . . .      Faith    .   e - +0 tower shield
rNeg    + . .      Spirit   .   b - +0 scale mail
rPois   .          Reflect  .   (helmet restricted)
rElec   .          Harm     .   (no cloak)
rCorr   .          Rampage  .   (no gloves)
Will    .....                   l - +0 pair of boots
Stlth   ..........              h - amulet of regeneration
HPRegen 0.98/turn               u - ring of positive energy
MPRegen 0.09/turn               (no ring)

@: mighty
A: horns 2, retaliatory headbutt
a: no special abilities


You were on level 5 of the Dungeon.
You visited 1 branch of the dungeon, and saw 5 of its levels.

You collected 94 gold pieces.

Inventory:

Hand Weapons
 a - a +0 long sword (weapon)
Armour
 b - a +0 scale mail (worn)
 c - a +0 buckler
 e - a +0 tower shield (worn)
 l - a +0 pair of boots (worn)
Jewellery
 h - an amulet of regeneration (around neck)
 s - an amulet of faith
 u - a ring of positive energy (left hand)
Scrolls
 f - a scroll of teleportation {unknown}
 i - a scroll of immolation {unknown}
 j - 2 scrolls of fear {unknown}
 k - a scroll of torment {unknown}
 t - a scroll of fog {unknown}
Potions
 d - a potion of might
 g - 2 potions of cancellation
 m - a potion of mutation
 n - a potion of heal wounds {unknown}
 o - a potion of curing {unknown}
 r - a potion of invisibility {unknown}


   Skills:
 + Level 5.0 Fighting
 + Level 5.2 Long Blades
 + Level 5.6 Armour
 + Level 2.0 Dodging
 + Level 0.1 Stealth
 + Level 5.1 Shields


You had 5 spell levels left.
You didn't know any spells.
Your spell library was empty.

Dungeon Overview and Level Annotations

Branches:
Dungeon (5/15)             Temple (0/1) D:5

Altars:
Elyvilon

Shops:
D:1 (

Annotations:
D:4 Eustachio
D:5 Pikel


Innate Abilities, Weirdness & Mutations

You have a pair of horns on your head.
You reflexively headbutt those who attack you in melee.


Message History

You block Pikel's attack.
You slash Pikel!
Pikel is heavily wounded.
You block Pikel's attack.
You closely miss Pikel.
Pikel is heavily wounded.
You block Pikel's attack.
Pikel hits you with a +0 whip of freezing.
* * * LOW HITPOINT WARNING * * *
Pikel freezes you.
* * * LOW HITPOINT WARNING * * *
You closely miss Pikel.
Pikel is heavily wounded.
Pikel hits you with a +0 whip of freezing.
* * * LOW HITPOINT WARNING * * *
Pikel freezes you.
* * * LOW HITPOINT WARNING * * *
You hit Pikel.
Pikel is heavily wounded.
You block Pikel's attack.
Pikel hits you with a +0 whip of freezing.
* * * LOW HITPOINT WARNING * * *
Pikel freezes you.
* * * LOW HITPOINT WARNING * * *
You slash Pikel!
Pikel is severely wounded.
Pikel hits you with a +0 whip of freezing.
* * * LOW HITPOINT WARNING * * *
Pikel freezes you.
* * * LOW HITPOINT WARNING * * *
Unknown command.
You barely miss Pikel.
Pikel is severely wounded.
You block Pikel's attack. Pikel closely misses you.
You slash Pikel! Your headbutt misses Pikel.
Pikel is almost dead.
Pikel hits you with a +0 whip of freezing.
* * * LOW HITPOINT WARNING * * *
Pikel freezes you.
You die...

******** *,,,*,,,,,,.........##.
* **,,,,,,***#..,......., **
**,***** #.#*#....##. ,* *****,*
#.###....... ,********,,,,,*
#.##.....##. ,,,,,,,,,,,**,*
######..†........ ,***,,*,.,,,#,*
#.......#....###.
,,,,,,*,#...#.###................
,,,,,,,,.......K@.....#.#.....##.
,,,>,,,*#.<.#####.....#.##.#..#*,
,,,*,,,*#,,,* #.....#.##.#..##.
,,,,,,,,,,,,* #######..........
,*,***,**##,#################.###
,*,* *,,,,.,#...†.<.##...,..#.#
**,***#####.#.#####.##.####.#.#
,,,**,......#.##.........##.#.#
,,,,*,****#......##.##.#......#


You could see Pikel.

Vanquished Creatures
  Grinder (D:3)
  An ice beast (D:5)
  4 lemures (D:5)
  A hound (D:3)
  An orc wizard (D:3)
  Robin (D:3)
  3 adders
  A gnoll (D:1)
  3 orcs (D:3)
  11 ball pythons
  6 bats
  6 endoplasms
  2 giant cockroaches (D:1)
  15 goblins
  8 hobgoblins
  7 jackals
  13 kobolds
  2 quokkas
  6 frilled lizards
  8 rats
100 creatures vanquished.

Notes
Turn   | Place    | Note
-------+----------+-------------------------------------------
     0 | D:1      | Peloso the Minotaur Fighter began the quest for the Orb.
     0 | D:1      | Reached XP level 1. HP: 19/19 MP: 0/0
    37 | D:1      | Reached XP level 2. HP: 20/27 MP: 1/1
   345 | D:1      | Reached XP level 3. HP: 16/33 MP: 2/2
   944 | D:1      | Found Docanliu's Weapon Shoppe.
  1028 | D:1      | Found a faded altar of an unknown god.
  1374 | D:2      | Found a white marble altar of Elyvilon.
  1889 | D:2      | Reached XP level 4. HP: 41/41 MP: 3/3
  1973 | D:3      | Noticed Robin
  1994 | D:3      | Killed Robin
  2429 | D:3      | Reached XP level 5. HP: 43/47 MP: 4/4
  2785 | D:3      | Noticed Grinder
  2800 | D:3      | Paralysed by Grinder for 6 turns
  2810 | D:3      | Killed Grinder
  2811 | D:3      | Reached skill level 5 in Armour
  2811 | D:3      | Reached skill level 1 in Dodging
  2811 | D:3      | Reached XP level 6. HP: 55/55 MP: 5/5
  3155 | D:4      | Noticed Eustachio
  3255 | D:5      | Entered Level 5 of the Dungeon
  3266 | D:5      | Reached skill level 5 in Long Blades
  3323 | D:5      | Noticed an ice beast
  3351 | D:5      | Noticed Pikel
  3356 | D:5      | Killed an ice beast
  3357 | D:5      | Reached skill level 5 in Fighting
  3357 | D:5      | Reached skill level 5 in Shields
  3383 | D:5      | HP: 2/56 [Pikel/+0 whip of freezing (2)]
  3385 | D:5      | Slain by Pikel

Illustrated notes

Levels and vault maps discovered:
D:1:      lightli_arrival_statuegarden, layout_basic, serial_shops,
          nicolae_lakefront_shop, ebering_ecumenical_altar_hall,
          corexii_leaking_fountain, st_stairs_2, roderic_lattice_a,
          minmay_small_reverse_x
D:2:      layout_loops_corners, basic_altar
D:3:      layout_loops_corners, serial_park_tiny_1, minmay_curled_crystal,
          kennysheep_cross_room, minivault_5, st_stairs_1,
          kennysheep_generic_room_4, uniq_grinder, uniq_robin
D:4:      layout_layer_cave, uniq_eustachio, uniq_crazy_yiuf_cottage
D:5:      layout_loops_cross, lemuel_doored_altar,
          minmay_temple_entry_antechambers, portal_sewer_entry_f, uniq_pikel

Skill      XL: |  1  2  3  4  5  6 |
---------------+-------------------+-----
Fighting       | 4 5 |  5.0
Armour         | 4 5 |  5.6
Shields        | 4 5 |  5.1
Long Blades    | 3 4 5 |  5.2
Dodging        | 1 2 |  2.0
Stealth        | |  0.1

Action                   |  1- 3 |  4- 6 || total
-------------------------+-------+-------++-------
Melee: Long sword        |   114 |   181 ||   295
       Headbutt          |    14 |    26 ||    40
  Use: Scroll            |       |     5 ||     5
       Potion            |       |     1 ||     1
Armor: Scale mail        |    76 |    84 ||   160
Dodge: Dodged            |    67 |    45 ||   112
Block: Buckler           |    38 |    12 ||    50
       Tower shield      |       |    72 ||    72
